Map: At Eternity's Edge LE

Players

RipNHammer

  • Race: Terran Terran
  • League: Master
  • Spawn Location: 11:00

lIlIlIlIlIlI - Winner!

  • Race: Zerg Zerg
  • League: Grandmaster
  • Spawn Location: 5:00

VOD

Have the link to the VOD?

Description

Time

  • Played on: Sept. 6, 2026, 9:25 p.m.
  • Length: 24:05
Show
View Real Time Build Order
Export as new Build Order

RipNHammer Terran 

Build Orders: Reaper Expand, Hellion Banshee, Mech 

Get SALT Encoding   

  8  0:00  SCV  
  9  0:12  SCV  
  10  0:24  SCV  
  11  0:36  SCV  
  11  0:39  Supply Depot  
  12  0:49  SCV  
  13  0:55  Refinery  
  13  1:01  SCV  
  14  1:06  Barracks  
  14  1:13  SCV  
  15  1:25  SCV  
  16  1:37  SCV  
  17  1:53  Orbital Command, Reaper  
  18  2:08  Command Center  
  18  2:18  SCV  
  19  2:26  Factory  
  19  2:30  SCV  
  19  2:35  Refinery, Barracks Reactor  
  20  2:42  SCV  
  21  2:47  Supply Depot  
  21  3:09  SCV  
  22  3:21  SCV, Starport  
  22  3:22  Orbital Command  
  22  3:25  Hellion  
  22  3:26  Hellion  
  27  3:35  SCV  
  27  3:40  Supply Depot  
  28  3:46  Hellion  
  28  3:48  Hellion  
  32  3:50  SCV  
  32  3:53  SCV  
  34  3:59  Barracks Tech Lab  
  34  4:02  SCV  
  35  4:07  Viking  
  37  4:11  Hellion, SCV  
  40  4:20  SCV  
  41  4:25  Hellion  
  41  4:27  Supply Depot, SCV  
  44  4:32  SCV  
  44  4:34  Hellion  
  47  4:39  SCV  
  48  4:52  Command Center  
  48  4:54  Supply Depot  
  48  4:56  Banshee  
  51  5:08  Hellion x2  
  55  5:14  SCV  
  55  5:15  SCV  
  55  5:17  Refinery  
  57  5:27  SCV x2  
  59  5:41  Banshee  
  59  5:42  Hellion x2  
  64  5:47  SCV x2  
  66  5:55  Factory  
  66  5:57  Refinery  
  66  6:03  Supply Depot  
  66  6:04  SCV x2, Supply Depot  
  68  6:11  Factory  
  68  6:12  Supply Depot  
  68  6:16  SCV x2  
  68  6:18  Hellion x2  
  71  6:28  SCV x2  
  71  6:32  Engineering Bay  
  73  6:36  Supply Depot  
  73  6:40  SCV  
  74  6:49  SCV  
  74  6:53  SCV  
  76  6:54  Orbital Command  
  76  7:03  Siege Tank  
  76  7:04  Factory Tech Lab  
  76  7:05  Mag-Field Accelerator  
  76  7:06  Factory  
  79  7:10  Hellion x2  
  79  7:12  SCV x2  
  85  7:19  Refinery  
  85  7:23  Refinery  
  85  7:27  Cyclone  
  88  7:31  Hellion  
  88  7:35  Hellion, Cyclone, SCV  
  96  7:40  SCV  
  96  7:41  SCV  
  98  7:47  SCV  
  99  7:52  SCV  
  99  7:53  Factory  
  99  7:54  Infernal Pre-Igniter  
  100  7:59  Siege Tank  
  100  8:03  Factory Tech Lab, Hellion  
  103  8:07  Cyclone  
  103  8:11  Factory, Hellion  
  108  8:23  SCV x2  
  110  8:39  Factory Tech Lab  
  110  8:46  Cyclone x2, Siege Tank, Supply Depot  
  119  8:59  Factory Tech Lab  
  119  9:00  Supply Depot  
  119  9:08  Hellion x2  
  123  9:10  Armory x2  
  123  9:15  SCV  
  121  9:18  Cyclone, Siege Tank  
  121  9:20  Command Center  
  121  9:21  Supply Depot, Siege Tank  
  121  9:22  Supply Depot  
  130  9:50  Cyclone, Siege Tank  
  137  9:52  Cyclone  
  137  9:53  Siege Tank x2, Hellion  
  137  9:55  Hellion  
  147  10:02  SCV x3  
  129  10:21  Hellion  
  129  10:22  Cyclone, Siege Tank  
  129  10:25  Cyclone, Siege Tank  
  138  10:33  Orbital Command  
  138  10:35  Sensor Tower  
  138  10:36  Missile Turret  
  138  10:38  Cyclone  
  138  10:39  Hellion, Missile Turret  
  143  10:43  Terran Vehicle Weapons Level 1, Terran Vehicle And Ship Armor Level 1  
  143  10:44  SCV  
  143  10:49  SCV x2  
  146  10:52  Supply Depot  
  146  10:53  Hellion  
  146  10:54  Siege Tank, Drilling Claws  
  146  10:55  Smart Servos  
  151  10:58  Supply Depot  
  151  11:04  Cyclone, Siege Tank, Hellion  
  158  11:11  SCV  
  158  11:13  SCV x2  
  160  11:18  Refinery  
  160  11:19  Cyclone, Siege Tank  
  160  11:20  Hellion  
  160  11:21  Refinery  
  160  11:22  Sensor Tower  
  160  11:23  SCV  
  169  11:26  Hellion, Cyclone  
  169  11:32  SCV x2  
  176  11:35  SCV  
  176  11:36  Siege Tank  
  175  11:41  Cyclone  
  175  11:42  Hellion  
  175  11:44  SCV x2  
  176  11:51  SCV, Siege Tank  
  176  11:53  Hellion  
  180  11:57  Supply Depot  
  180  11:58  Supply Depot  
  180  12:00  SCV, Siege Tank, Cyclone  
  187  12:06  Hellion  
  187  12:08  Cyclone  
  186  12:14  Siege Tank  
  187  12:18  Orbital Command  
  187  12:19  Hellion  
  187  12:23  Cyclone  
  186  12:32  Hellion  
  186  12:33  Siege Tank, Cyclone  
  194  12:40  Siege Tank  
  197  12:50  Cyclone  
  197  12:51  Hellion  
  196  12:55  Siege Tank  
  193  13:05  Cyclone  
  166  13:08  Cyclone  
  166  13:09  Hellion, SCV  
  166  13:12  SCV x3, Siege Tank  
  178  13:17  Hellion  
  178  13:18  Starport Tech Lab  
  178  13:19  Terran Vehicle Weapons Level 2, Terran Vehicle And Ship Armor Level 2  
  180  13:21  SCV  
  180  13:22  Cyclone  
  181  13:28  Siege Tank  
  178  13:38  SCV  
  178  13:39  SCV  
  180  13:42  SCV  
  181  13:50  Refinery  
  181  13:53  Missile Turret  
  181  13:54  Missile Turret  
  181  13:55  Missile Turret, Sensor Tower  
  181  13:56  Cyclone  
  181  13:57  Hellion x2  
  181  13:58  SCV  
  181  14:00  Supply Depot  
  200  14:15  Thor  
  195  14:19  Factory  
  195  14:21  Factory  
  167  14:33  Cyclone, Siege Tank  
  167  14:36  Missile Turret  
  167  14:38  Thor, Siege Tank  
  179  14:39  Hellion  
  184  14:52  Raven  
  184  14:54  Hellion  
  184  14:58  Cyclone  
  189  15:05  Cyclone  
  192  15:09  Cyclone, Hellion  
  192  15:10  Siege Tank  
  196  15:30  Command Center, Refinery  
  196  15:33  Refinery  
  196  15:37  Cyclone  
  198  15:44  Hellion  
  197  15:55  Cyclone, Siege Tank  
  197  15:56  Hellion  
  190  16:00  Cyclone, Siege Tank  
  164  16:05  Hellion  
  164  16:08  SCV  
  164  16:09  Cyclone  
  164  16:10  SCV  
  171  16:17  Hellion  
  173  16:27  Hellion, Cyclone, Siege Tank  
  173  16:32  Hellion x2  
  181  16:38  Hellion  
  166  16:41  Cyclone  
  166  16:44  Command Center  
  169  16:48  Missile Turret x2, Hellion  
  169  16:49  Command Center  
  169  16:53  Cyclone  
  174  16:54  Cyclone  
  174  16:59  Cyclone  
  174  17:00  Hellion  
  182  17:06  Terran Vehicle Weapons Level 3  
  182  17:10  Hellion x2  
  186  17:20  Cyclone  
  186  17:21  Hellion  
  191  17:25  Siege Tank  
  184  17:33  Cyclone, Siege Tank  
  184  17:34  Hellion  
  169  17:41  Cyclone  
  169  17:44  Hellion  
  167  17:52  Cyclone  
  167  17:55  Hellion  
  167  17:57  Cyclone  
  174  18:05  Hellion, Cyclone  
  174  18:06  Siege Tank  
  174  18:11  SCV  
  181  18:13  Hellion  
  181  18:16  Missile Turret x2  
  181  18:17  Hellion  
  181  18:19  Refinery  
  185  18:20  Refinery  
  185  18:24  Cyclone  
  185  18:27  Hellion  
  190  18:29  Cyclone  
  193  18:35  SCV  
  193  18:37  Missile Turret  
  193  18:38  Cyclone  
  197  18:45  Cyclone  
  200  18:51  Terran Vehicle And Ship Armor Level 3  
  196  19:14  Cyclone  
  176  19:33  Cyclone  
  176  19:34  Cyclone, Siege Tank  
  176  19:35  Hellion  
  176  19:36  SCV x3  
  171  19:54  Cyclone  
  171  19:55  Siege Tank, Hellion  
  171  19:59  Factory  
  179  20:01  Refinery x2  
  179  20:07  Missile Turret x2  
  179  20:08  Command Center  
  179  20:14  Cyclone, Siege Tank, Hellion, Missile Turret x2  
  187  20:19  Planetary Fortress  
  187  20:21  Siege Tank, Hellion  
  192  20:25  Terran Ship Weapons Level 1, Starport  
  192  20:26  SCV  
  192  20:27  Cyclone  
  196  20:33  Missile Turret  
  196  20:35  Missile Turret  
  196  20:37  Missile Turret  
  196  20:52  Cyclone  
  199  21:12  Supply Depot  
  199  21:24  Thor  
  199  21:25  Thor  
  190  21:28  Cyclone, Siege Tank  
  190  21:29  Hellion  
  190  21:30  Viking  
  180  21:40  Thor  
  180  21:41  Hellion x2  
  147  22:01  Viking  
  147  22:02  Viking  
  147  22:05  Thor  
  147  22:07  Hellion  
  155  22:09  Orbital Command  
  145  22:18  Thor  
  145  22:19  Thor, Hellion  
  157  22:34  Factory Tech Lab  
  157  22:38  Hellion  
  156  22:48  Cyclone  
  148  23:01  Siege Tank  
  137  23:15  Cyclone, Siege Tank  
  137  23:16  Hellion  
  137  23:20  Orbital Command, Cyclone  
  137  23:25  Hellion  
  137  23:26  SCV  
  143  23:33  Cyclone  
  146  23:35  Starport Reactor  
  146  23:37  Hellion  
  150  23:47  SCV  
  150  23:48  SCV x2, Refinery  
Show
View Real Time Build Order
Export as new Build Order

lIlIlIlIlIlI Zerg - Winner!

Build Orders: Hatch First 

Get SALT Encoding   

  8  0:00  Drone  
  9  0:11  Drone  
  10  0:16  Drone  
  11  0:27  Overlord  
  11  0:32  Drone  
  12  0:46  Drone x2  
  14  0:51  Drone  
  15  1:11  Hatchery  
  14  1:14  Drone  
  14  1:17  Drone  
  16  1:20  Drone  
  17  1:36  Spawning Pool  
  17  1:38  Drone  
  17  1:42  Drone  
  17  1:43  Extractor  
  17  1:50  Drone  
  18  2:00  Drone  
  19  2:10  Overlord  
  19  2:23  Queen x2  
  19  2:26  Zergling x2  
  24  2:31  Zergling x4  
  26  2:39  Drone  
  26  2:40  Drone  
  28  2:45  Drone  
  29  2:52  Drone  
  29  2:56  Drone  
  31  2:59  Metabolic Boost  
  31  3:08  Overlord  
  31  3:09  Drone  
  32  3:15  Hatchery  
  32  3:17  Drone  
  32  3:27  Drone  
  32  3:28  Drone x2  
  32  3:30  Queen  
  37  3:36  Overlord  
  37  3:38  Drone  
  38  3:42  Drone x2  
  40  3:56  Drone  
  40  3:59  Drone x3  
  44  4:04  Overlord  
  44  4:10  Queen x2  
  44  4:14  Overlord  
  44  4:15  Overlord  
  48  4:26  Drone  
  48  4:27  Drone x5  
  54  4:33  Zergling x2  
  54  4:34  Queen  
  57  4:39  Drone x4  
  61  4:47  Queen x2  
  66  4:52  Zergling x2  
  66  4:53  Zergling x2  
  66  4:55  Drone  
  66  4:56  Drone x2  
  70  5:00  Evolution Chamber  
  69  5:07  Evolution Chamber  
  69  5:10  Overlord  
  69  5:11  Overlord  
  68  5:19  Overlord  
  68  5:20  Overlord  
  68  5:25  Lair  
  68  5:29  Queen  
  68  5:33  Overlord  
  70  5:37  Zerg Ground Armor Level 1  
  70  5:39  Extractor  
  70  5:40  Extractor  
  70  5:41  Spore Crawler  
  70  5:42  Drone, Spore Crawler  
  67  5:43  Extractor  
  67  5:45  Drone  
  67  5:46  Drone x3  
  67  5:47  Drone  
  71  5:50  Extractor  
  71  5:54  Drone x2, Hatchery  
  71  5:55  Drone x7  
  79  5:58  Spore Crawler  
  78  6:08  Zerg Missile Weapons Level 1  
  78  6:09  Overlord  
  78  6:10  Overlord  
  78  6:11  Overlord  
  78  6:22  Overlord  
  78  6:25  Overseer  
  78  6:30  Drone x3  
  78  6:31  Drone x2  
  78  6:32  Drone  
  84  6:35  Drone x2  
  84  6:36  Extractor  
  84  6:37  Extractor  
  85  6:40  Drone x2  
  85  6:41  Drone x2  
  85  6:42  Drone x3  
  85  6:44  Drone  
  92  6:50  Drone x2  
  94  6:54  Hydralisk Den, Baneling Nest  
  94  6:55  Drone  
  93  7:09  Overlord  
  93  7:12  Overlord, Overseer  
  93  7:21  Drone x5  
  93  7:22  Drone x10  
  108  7:26  Extractor  
  106  7:30  Hatchery, Extractor  
  106  7:31  Overseer  
  104  7:39  Zerg Ground Armor Level 2  
  104  7:45  Overlord  
  104  7:46  Overlord  
  104  7:47  Overlord x2  
  104  8:00  Muscular Augments  
  104  8:01  Centrifugal Hooks  
  104  8:03  Drone x3  
  104  8:04  Drone x3  
  110  8:06  Drone x7  
  110  8:07  Drone x3  
  120  8:16  Roach Warren  
  120  8:17  Infestation Pit  
  111  8:24  Spore Crawler  
  106  8:55  Glial Reconstitution  
  106  8:56  Zerg Melee Weapons Level 1  
  106  8:58  Roach x4  
  106  8:59  Roach x4, Hydralisk  
  106  9:00  Hydralisk x10  
  106  9:02  Drone x8  
  152  9:04  Spore Crawler, Grooved Spines  
  152  9:08  Drone x2  
  153  9:11  Pneumatized Carapace, Hive  
  153  9:18  Overlord x4  
  153  9:20  Overseer x2  
  153  9:26  Hatchery  
  153  9:27  Extractor  
  153  9:29  Extractor  
  150  9:34  Roach x11  
  164  9:39  Hydralisk x7  
  174  9:50  Zergling x12  
  174  9:51  Zergling x6  
  181  9:54  Ravager x8  
  181  9:58  Zerg Missile Weapons Level 2  
  178  10:09  Zergling x2  
  178  10:10  Zergling x16  
  176  10:20  Drone x6  
  171  10:35  Adrenal Glands  
  171  10:46  Baneling x8  
  171  10:47  Baneling x2  
  171  10:51  Overlord x4  
  171  10:52  Overseer x4  
  171  11:01  Spore Crawler, Extractor x2  
  159  11:09  Spore Crawler  
  158  11:12  Viper x2  
  158  11:13  Viper  
  158  11:14  Viper x2  
  158  11:17  Zergling x26  
  158  11:18  Hatchery  
  185  11:19  Drone x2  
  185  11:20  Drone x4  
  187  11:41  Overseer  
  184  11:49  Hydralisk x5  
  184  11:51  Overlord x2, Unknown  
  184  11:52  Overlord  
  185  12:10  Hydralisk x8  
  194  12:20  Infestor x2  
  194  12:21  Infestor x3  
  199  12:23  Zergling x2  
  194  12:40  Drone x3  
  194  12:41  Drone x3  
  192  12:53  Zergling x2  
  192  12:54  Zergling x14  
  192  12:57  Extractor  
  197  13:01  Extractor  
  171  13:06  Spine Crawler  
  171  13:07  Roach x3, Spore Crawler  
  171  13:08  Spine Crawler  
  171  13:11  Overlord  
  171  13:12  Overlord x6  
  168  13:13  Overseer x4  
  168  13:18  Drone x3  
  166  13:21  Drone  
  166  13:22  Drone x3  
  166  13:23  Zerg Melee Weapons Level 2  
  166  13:24  Zerg Missile Weapons Level 3  
  166  13:25  Overseer  
  166  13:26  Overseer  
  163  13:35  Roach  
  163  13:36  Roach x11  
  186  13:45  Spine Crawler  
  186  13:47  Hydralisk x8, Spine Crawler  
  200  14:14  Burrow  
  200  14:15  Neural Parasite  
  200  14:18  Overseer  
  200  14:21  Hatchery  
  196  14:45  Spire  
  196  14:47  Spire  
  196  14:49  Overlord x6  
  173  15:08  Ravager x6  
  173  15:09  Zergling x6  
  173  15:10  Zergling x16, Hydralisk  
  173  15:11  Hydralisk x3  
  198  15:17  Drone  
  195  15:25  Unknown, Overseer  
  195  15:26  Spore Crawler  
  195  15:27  Spine Crawler x2  
  191  15:35  Ultralisk Cavern  
  190  15:40  Drone x3  
  190  15:41  Queen  
  176  16:01  Zergling x20, Zerg Ground Armor Level 3  
  176  16:02  Zergling x26  
  184  16:09  Zergling x6  
  184  16:10  Zergling x22  
  198  16:11  Overseer  
  198  16:16  Zerg Melee Weapons Level 3  
  198  16:17  Greater Spire  
  198  16:18  Zerg Flyer Weapons Level 1  
  186  16:28  Ravager  
  186  16:29  Hydralisk x8  
  187  16:35  Hydralisk x6  
  187  16:36  Hydralisk x5  
  199  16:40  Overseer  
  199  16:41  Overseer x2  
  199  16:42  Overseer x5  
  199  17:10  Baneling x13  
  142  17:47  Infestor  
  142  17:48  Infestor x3  
  142  17:49  Viper  
  142  17:50  Viper x2  
  148  17:52  Zergling x20  
  148  17:53  Overlord  
  148  17:54  Overlord x6, Hydralisk  
  148  17:55  Hydralisk x13  
  183  18:04  Queen  
  183  18:05  Drone x2  
  179  18:11  Zerg Flyer Armor Level 1, Chitinous Plating  
  179  18:13  Zerg Flyer Weapons Level 2  
  179  18:27  Zergling x8  
  179  18:29  Roach  
  179  18:30  Roach x7  
  199  18:47  Baneling x10  
  199  18:58  Overseer  
  199  18:59  Overseer x4  
  175  19:30  Anabolic Synthesis  
  159  19:33  Corruptor x2  
  159  19:34  Corruptor x12  
  176  19:51  Zergling x20  
  186  20:03  Ravager  
  187  20:20  Zerg Flyer Armor Level 2  
  187  20:22  Brood Lord  
  187  20:23  Brood Lord x5  
  187  20:26  Baneling x11  
  199  20:32  Spine Crawler  
  199  20:33  Spore Crawler  
  199  20:35  Spore Crawler  
  196  20:36  Spine Crawler, Hatchery  
  196  20:40  Hatchery  
  193  20:47  Brood Lord  
  193  20:48  Brood Lord x2  
  198  20:50  Overseer x6  
  195  21:00  Extractor  
  194  21:08  Corruptor x5  
  194  21:25  Extractor  
  185  21:32  Zergling x20  
  181  21:41  Corruptor x5  
  191  21:51  Drone x2  
  191  21:52  Drone x3  
  191  21:53  Drone  
  190  22:00  Drone x9  
  190  22:01  Drone x3  
  200  22:22  Extractor  
  199  22:24  Extractor  
  188  22:44  Ultralisk x2  
  184  23:19  Ultralisk x4  
  200  23:22  Brood Lord x2  
  200  23:23  Brood Lord x2  
  200  23:26  Overlord  
  200  23:27  Overlord x7  
  200  23:31  Spore Crawler  
  200  23:32  Spine Crawler, Unknown, Spore Crawler  
  196  23:38  Hatchery  
Tags
 
Add a new tag
Caveats
  • Supply blocks, unpowered buildings, or Contaminate may cause inaccurate times.
  • Supply counts are checked every 10 seconds.